 Dungeon Crawl Stone Soup version 0.32-a0-924-gf9495cf (webtiles) character file.

Game seed: 829680839580787250

227766 Dorkslayer the Severer (level 18, -2/163 HPs)
             Began as a Mountain Dwarf Fighter on Apr 11, 2024.
             Was an Initiate of Gozag.
             Incinerated by a sun moth (10 damage)
             ... with a flurry of pyrophoric scales
             ... on level 4 of the Spider Nest on Apr 12, 2024.
             The game lasted 01:48:08 (37534 turns).

Dorkslayer the Severer (Mountain Dwarf Fighter)    Turns: 37534, Time: 01:48:08

Health: -2/163     AC: 35    Str: 32    XL:     18   Next: 68%
Magic:  18/18      EV: 15    Int:  5    God:    Gozag
Gold:   3049       SH: 20    Dex: 14    Spells: 17/17 levels left

rFire   . . .        J - +9 war axe
rCold   . . .        K - +2 kite shield {AC+3}
rNeg    . . .        q - +10 plate armour {Will+}
rPois   +            y - +0 helmet of the Volcano {rPois Slay+2 Stlth+}
rElec   .            o - +2 cloak {Will+}
rCorr   .            n - +2 pair of gloves {Stlth+}
SInv    .            L - +1 pair of boots "Opho Sepu" {rPois Str+6 Int-3 Dex+3}
Will    +++..        l - amulet of reflection Stlth
                     d - +5 ring of evasion
HPRegen 0.47/turn    i - +4 ring of protection
MPRegen 0.16/turn

%: reflection
@: on fire, corroded, gold aura, glowing
A: runic magic, artefact enchanting, claws 1, inhibited regeneration
}: 1/15 runes: barnacled
a: Renounce Religion, Potion Petition, Call Merchant, Bribe Branch


You were on level 4 of the Spider Nest.
You worshipped Gozag.
Gozag was most pleased with you.
You visited 6 branches of the dungeon, and saw 31 of its levels.
You also visited: Bailey, Gauntlet and Ice Cave.

You collected 10625 gold pieces.
You spent 3197 gold pieces at shops.
You paid 4379 gold pieces to Gozag.

Inventory:

Hand Weapons
 p - a +5 trident of flaming
 F - a +4 war axe of holy wrath
 J - a +9 war axe (weapon)
 O - a +2 sacred scourge of holy wrath
Missiles
 b - 5 throwing nets
 x - 56 boomerangs
 z - 14 javelins (quivered)
 X - 7 silver javelins
Armour
 n - a +2 pair of gloves of stealth (worn)
 o - a +2 cloak of willpower (worn)
 q - a +10 plate armour of willpower (worn)
 y - the +0 helmet of the Volcano (worn) {rPois Slay+2 Stlth+}
   (You acquired it on level 15 of the Dungeon)

   Slay+2:    It affects your accuracy & damage with ranged weapons and melee
   (+2).
   rPois:     It protects you from poison.
   Stlth+:    It makes you more stealthy.
 K - a +2 kite shield of protection (worn)
 L - the +1 pair of boots "Opho Sepu" (worn) {rPois Str+6 Int-3 Dex+3}
   (You found it on level 5 of the Lair of Beasts)

   Str+6:     It affects your strength (+6).
   Int-3:     It affects your intelligence (-3).
   Dex+3:     It affects your dexterity (+3).
   rPois:     It protects you from poison.
 P - a +2 tower shield of cold resistance
Jewellery
 d - a +5 ring of evasion (left hand)
 e - a ring of see invisible
 i - a +4 ring of protection (right hand)
 l - an amulet of reflection (around neck)
 I - the ring "Acov" {rPois rN+ Will++ rCorr Slay-2}
   (You found it in a Gauntlet)

   [ring of poison resistance]

   Slay-2:    It affects your accuracy & damage with ranged weapons and melee
   (-2).
   rPois:     It protects you from poison.
   rN+:       It protects you from negative energy.
   Will++:    It greatly increases your willpower.
   rCorr:     It protects you from acid and corrosion.
 R - a ring of protection from fire
Wands
 u - a wand of roots (6)
 w - a wand of quicksilver (1)
 C - a wand of digging (1)
 D - a wand of flame (30)
 E - a wand of mindburst (6)
 S - a wand of paralysis (19)
Scrolls
 c - a scroll of silence
 m - 6 scrolls of immolation
 t - 3 scrolls of fear
 A - 5 scrolls of fog
 B - 3 scrolls of blinking
 Q - 7 scrolls of teleportation
 U - 3 scrolls of revelation
 V - 18 scrolls of identify
Potions
 a - 4 potions of ambrosia
 f - 4 potions of magic
 g - 3 potions of cancellation
 h - 10 potions of curing
 j - 3 potions of haste
 k - 8 potions of attraction
 r - 7 potions of enlightenment
 v - 2 potions of might
 G - 4 potions of brilliance
 M - 2 potions of invisibility
 Y - 2 potions of berserk rage
 Z - 4 potions of heal wounds
Miscellaneous
 s - a tin of tremorstones (2/2)
 H - a box of beasts
 N - a Gell's gravitambourine (2/2)
 T - a phantom mirror
 W - a lightning rod (4/4)


   Skills:
 + Level 15.1 Fighting
 + Level 18.7(18.9) Axes
 + Level 3.9(12.9) Maces & Flails
 + Level 1.8 Throwing
 + Level 12.5 Armour
 * Level 8.7 Dodging
 + Level 4.2 Stealth
 + Level 16.3 Shields
 * Level 16.0 Evocations
 - Level 8.3 Shapeshifting


You had 17 spell levels left.
You didn't know any spells.
Your spell library contained the following spells:

 Spells                   Type           Power      Damage    Failure   Level
 Freeze                   Ice            0%         1d3       71%         1
 Magic Dart               Conj           0%         1d3       71%         1
 Sandblast                Erth           0%         2d4       71%         1
 Shock                    Conj/Air       0%         1d3       71%         1
 Slow                     Hex            0%         N/A       71%         1
 Sting                    Conj/Alch      0%         1d3       71%         1
 Ensorcelled Hibernation  Hex/Ice        0%         N/A       85%         2
 Jinxbite                 Hex            0%         N/A       85%         2
 Mercury Vapours          Alch/Air       0%         N/A       85%         2
 Scorch                   Fire           0%         2d5       85%         2
 Static Discharge         Conj/Air       0%         3-3/arc   85%         2
 Confusing Touch          Hex            0%         N/A       97%         3
 Dazzling Flash           Conj/Hex       0%         N/A       97%         3
 Frozen Ramparts          Ice            0%         1d1       97%         3
 Fugue of the Fallen      Necr           0%         N/A       97%         3
 Hailstorm                Conj/Ice       0%         3d5       97%         3
 Inner Flame              Hex/Fire       0%         N/A       97%         3
 Mephitic Cloud           Conj/Alch/Air  0%         N/A       97%         3
 Summon Ice Beast         Ice/Summ       0%         N/A       97%         3
 Swiftness                Air            0%         N/A       97%         3
 Vampiric Draining        Necr           0%         2d6       97%         3
 Volatile Blastmotes      Fire/Tloc      0%         2d10      97%         3
 Airstrike                Air            0%         2d(0-16)  100%        4
 Anguish                  Hex/Necr       0%         N/A       100%        4
 Flame Wave               Conj/Fire      0%         2d4       100%        4
 Fulminant Prism          Conj/Alch      0%         3d5       100%        4
 Ignite Poison            Fire/Alch      0%         N/A       100%        4
 Iskenderun's Mystic Bla Conj/Tloc 0%             2d3        (+2d1     100%        4
 Leda's Liquefaction      Alch/Erth      0%         N/A       100%        4
 Olgreb's Toxic Radiance  Alch           0%         N/A       100%        4
 Petrify                  Alch/Erth      0%         N/A       100%        4
 Sticky Flame             Fire/Alch      0%         2d4       100%        4
 Summon Lightning Spire   Summ/Air       0%         N/A       100%        4
 Vhi's Electric Charge    Tloc/Air       0%         N/A       100%        4
 Curse of Agony           Necr           0%         N/A       100%        5
 Freezing Cloud           Conj/Ice/Air   0%         6-21      100%        5
 Iskenderun's Battlesphe  Conj           0%         2d6       100%        5
 Lee's Rapid Deconstruct  Erth           0%         3d4*      100%        5
 Silence                  Hex/Air        0%         N/A       100%        5
 Yara's Violent Unravell  Hex/Alch       0%         3d3       100%        5
 Permafrost Eruption      Ice/Erth       0%         2x4d1     100%        6
 Plasma Beam              Fire/Air       0%         2x1d10    100%        6
 Sculpt Simulacrum        Ice/Alch       0%         N/A       100%        6
 Starburst                Conj/Fire      0%         6d3       100%        6
 Summon Cactus Giant      Summ           0%         N/A       100%        6
 Enfeeble                 Hex            0%         N/A       100%        7
 Ozocubu's Refrigeration  Ice            0%         4d7       100%        7
 Ignition                 Fire           0%         3d3       100%        8
 Maxwell's Capacitive Co  Air            0%         ∞         100%        8
 Polar Vortex             Ice            0%         N/A       100%        9


Dungeon Overview and Level Annotations

Branches:
Dungeon (15/15)            Temple (1/1) D:7            Lair (5/5) D:8
 Shoals (4/4) Lair:2       Spider (4/4) Lair:3        Slime (0/5) Lair:4
    Orc (2/2) D:12            Elf (0/3) Orc:2        Vaults (0/5) D:13
 Depths (0/4) D:15         Bailey (visited)           IceCv (visited)
Gauntlet (visited)

Altars:
Ashenzari
Cheibriados
Dithmenos
Elyvilon
Fedhas
Gozag
Hepliaklqana
Kikubaaqudgha
Makhleb
Nemelex Xobeh
Okawaru
Qazlal
Ru
Sif Muna
Trog
Uskayaw
Vehumet
Wu Jian
Xom
Yredelemnul
Zin
The Shining One
Jiyva

Shops:
Orc:2 =?*:*[(   Lair:2 ?*?!?

Portals:
Pandemonium: Orc:2


Innate Abilities, Weirdness & Mutations

Your spellcasting is much less encumbered by armour.
You can use scrolls of enchantment on lesser artefacts.
You have sharp fingernails.
You do not regenerate when monsters are visible.


Message History

* * * LOW HITPOINT WARNING * * *
The jumping spider leaps!
You block the wolf spider's attack. The wolf spider barely misses you.
The culicivora bites you but does no damage.
You block the wolf spider's attack. x2; The jumping spider leaps!
The redback barely misses you.
The redback bites you but does no damage.
The sun moth's wings beat fiercely.
The flurry of pyrophoric scales hits you.
You are covered in intense liquid fire!
The wolf spider hits you.
* * * LOW HITPOINT WARNING * * *
The wolf spider bites you but does no damage.
The torpor snail barely misses you.
The culicivora bites you but does no damage.
The wolf spider hits you but does no damage.
The wolf spider misses you.
Unknown command.
You completely miss the torpor snail.
The torpor snail is almost dead.
You hit the culicivora. You slash the wolf spider!
You closely miss the wolf spider. You hit the redback but do no damage.
You slash the sun moth! You slash the redback!
You kill the redback!
The liquid fire burns you!
* * * LOW HITPOINT WARNING * * *
Your surroundings suddenly seem different.
You are caught in the web!
Unknown command.
You struggle to detach yourself from the web.
The liquid fire burns you!
* * * LOW HITPOINT WARNING * * *
You feel yourself speed up.
You disentangle yourself.
The liquid fire burns you!
* * * LOW HITPOINT WARNING * * *
You shake off some of the fire as you move.
The liquid fire burns you!
You die...
Your body crumbles into a pile of gold.

..#.w.sB..^..
####$sss.#### ##
#....sss..s.# ####.##
#..^.#.°..... #.#...#
$..###...#######.....#
....# ...^^ #..#....
#########..##.^...####
...#.#..#..^#^......<#
..##...######...@...##
....^.##.#.....^.####
#...###.......##..#
#^#...#....#^..####
###.....##.#......#
#.......###......#
####...##.#..#..###
#.#..^.##.#....#
####....###^...#


There were no monsters in sight!

Vanquished Creatures
  Gastronok (Lair:2)
  An emperor scorpion (Spider:1)
  3 reapers (IceCv)
  A balrug (Gauntlet)
  A ghost moth (Spider:2)
  2 orc warlords
  An angel (Shoals:4)
  2 broodmothers
  2 apis (Shoals:4)
  The ghost of Raufuge the Blocker, a journeyman FoFi of the Shining One (D:14)
  A minotaur (Gauntlet)
  The ghost of Agrajag the Grappler, a journeyman TrFi of Wu Jian (Lair:2)
  3 merfolk javelineers (Shoals:4)
  2 fire dragons (D:15)
  12 merfolk impalers
  3 entropy weavers
  5 caustic shrike simulacra (IceCv)
  2 ogre magi
  3 jorogumos
  2 catoblepae (D:13)
  2 demonspawn (Orc:2)
  7 hydras
  A vault guard (D:13)
  8 merfolk aquamancers
  4 merfolk avatars
  3 alligator snapping turtles
  3 dancing weapons
  A radroach (Spider:3)
  5 boulder beetles
  8 centaur warriors
  10 two-headed ogres
  A satyr (Shoals:4)
  5 demonic crawlers
  A holy swine (Shoals:4)
  A death yak (Shoals:4)
  3 tengu warriors
  5 orc high priests (Orc:2)
  Urug (Lair:2)
  7 skysharks
  2 shadow wraiths (D:14)
  4 pharaoh ants
  2 cherubim (Shoals:4)
  8 sea snakes
  2 flayed ghosts (D:14)
  2 bog bodies (IceCv)
  2 arcanists
  2 phantasmal warriors (D:14)
  4 orb spiders
  A spriggan simulacrum (IceCv)
  Pikel (D:4)
  5 steelbarb worms
  A sun moth (Spider:2)
  An obsidian bat (Orc:1)
  5 harpies (Shoals:2)
  A shining eye (Gauntlet)
  2 obsidian statues (IceCv)
  5 orc knights
  The ghost of Sumgai83 the Magician, a novice GnWn (D:6)
  6 deep elf pyromancers
  12 wolf spiders
  40 ugly things
  12 manticores
  12 cyclopes
  9 orc sorcerers
  6 fauns
  3 moths of wrath
  7 kobold blastminers
  4 merfolk sirens
  19 elephants
  3 meliai (D:15)
  7 black mambas
  2 ice statues (Spider:3)
  4 water nymphs
  2 gargoyles
  18 cane toads
  4 torpor snails
  6 kobold demonologists (D:13)
  Jeremiah (D:9)
  An unseen horror (D:11)
  Maggie (D:7)
  6 komodo dragons
  2 efreet
  5 tengu conjurers
  A golden dragon simulacrum (IceCv)
  An ice devil (IceCv)
  2 rime drakes
  5 freezing wraiths
  A red devil (Orc:2)
  The ghost of Loakagen the Shield-Bearer, an amateur MiFi (D:5)
  4 wind drakes
  23 merfolk
  2 tyrant leeches (Lair:5)
  The ghost of Shrooty the Covered, an amateur MDFi of Okawaru (D:5)
  15 trolls
  16 tarantellas
  21 jumping spiders
  A hornet (Lair:2)
  A raiju (shapeshifter) (D:13)
  Grinder (D:3)
  4 polar bears
  2 glass eyes (Gauntlet)
  21 blink frogs
  9 dream sheep
  6 snapping turtles
  9 culicivoras
  Sigmund (D:2)
  4 slime creatures
  A centaur simulacrum (D:13)
  3 spriggans (Lair:2)
  2 shadows
  A ynoxinul (Orc:2)
  A dire elephant simulacrum (IceCv)
  3 wyverns
  46 yaks
  3 wraiths
  17 water elementals
  4 basilisks
  33 redbacks
  16 wargs
  2 steam dragons
  15 vampire mosquitoes
  3 minotaur simulacra (IceCv)
  Edmund (D:5)
  11 water moccasins
  4 hell hounds
  An acid dragon (D:12)
  5 sky beasts
  4 hydra simulacra (IceCv)
  36 orc warriors
  An ice beast (D:3)
  3 black bears
  19 wolves
  25 centaurs
  3 lemures (D:4)
  15 ogres
  2 phantoms
  4 kobold brigands
  4 gnoll sergeants (D:13)
  12 bullfrogs
  4 scorpions (D:5)
  A wight (D:7)
  A lindwurm simulacrum (IceCv)
  9 killer bees
  6 electric eels
  A bombardier beetle (D:5)
  8 howler monkeys
  3 hounds
  5 jellies
  22 orc priests
  6 sleepcaps
  Jessica (D:2)
  An iguana (D:5)
  Ijyb (D:4)
  Natasha (thrice) (D:3)
  Terence (D:2)
  7 orc wizards
  9 hell rats (Lair:1)
  A statue (D:3)
  The ghost of ddoljuk the Cudgeller, a weakling MiBe of Trog (D:4)
  2 adders (D:5)
  9 gnolls
  9 river rats (Lair:1)
  3 shadow imps
  A white imp (D:5)
  4 ufetubi
  A ribbon worm (D:3)
  5 dart slugs
  66 orcs
  4 bats
  4 endoplasms
  3 giant cockroaches (D:1)
  14 goblins
  8 hobgoblins
  4 jackals (D:3)
  7 quokkas
  5 ball pythons
  8 frilled lizards (D:2)
  22 kobolds
  18 rats
  A butterfly (Lair:2)
1109 creatures vanquished.

Vanquished Creatures (collateral kills)
  A merfolk impaler (Shoals:4)
  A merfolk avatar (Shoals:4)
  A merfolk aquamancer (Shoals:4)
  A harpy (Shoals:4)
  A merfolk (Shoals:4)
  A snapping turtle (Shoals:4)
6 creatures vanquished.

Vanquished Creatures (others)
  A troll (D:13)
  2 redbacks (Spider:4)
  An orc priest (Orc:2)
  3 kobolds (D:6)
7 creatures vanquished.

Grand Total: 1122 creatures vanquished

Notes
Turn   | Place    | Note
-------+----------+-------------------------------------------
     0 | D:1      | Dorkslayer the Mountain Dwarf Fighter began the quest for
                  | the Orb.
     0 | D:1      | Reached XP level 1. HP: 19/19 MP: 1/1
     6 | D:1      | Noticed a black mamba
     6 | D:1      | Noticed a black bear
     6 | D:1      | Noticed a komodo dragon
     7 | D:1      | Noticed a six-headed hydra
     7 | D:1      | Noticed a hog
   223 | D:1      | Reached XP level 2. HP: 17/26 MP: 2/2
   420 | D:1      | Found a faded altar of an unknown god.
   707 | D:2      | Noticed Terence
   707 | D:2      | Noticed Sigmund
   714 | D:2      | Killed Terence
   715 | D:2      | Reached XP level 3. HP: 24/33 MP: 3/3
   721 | D:2      | Killed Sigmund
   722 | D:2      | Reached skill level 3 in Axes
   722 | D:2      | Reached skill level 1 in Dodging
   722 | D:2      | Reached XP level 4. HP: 11/41 MP: 4/4
   722 | D:2      | Reached XP level 5. HP: 12/47 MP: 5/5
  1207 | D:2      | Noticed Jessica
  1238 | D:2      | Killed Jessica
  1536 | D:3      | Reached skill level 4 in Axes
  1536 | D:3      | Reached XP level 6. HP: 47/53 MP: 6/6
  1544 | D:3      | Found a radiant altar of Vehumet.
  1642 | D:3      | Noticed Grinder
  1647 | D:3      | Paralysed by Grinder for 4 turns
  1659 | D:3      | Paralysed by Grinder for 4 turns
  1671 | D:3      | Paralysed by Grinder for 4 turns
  1681 | D:3      | Paralysed by Grinder for 3 turns
  1689 | D:3      | Killed Grinder
  1690 | D:3      | Reached skill level 5 in Fighting
  1690 | D:3      | Reached skill level 1 in Evocations
  1835 | D:3      | Noticed an ice beast
  1847 | D:3      | Killed an ice beast
  1848 | D:3      | Reached skill level 5 in Axes
  1848 | D:3      | Reached XP level 7. HP: 50/61 MP: 7/7
  1849 | D:3      | Noticed Natasha
  1860 | D:3      | Killed Natasha
  2055 | D:3      | Found an iron altar of Okawaru.
  2166 | D:3      | Noticed Natasha
  2180 | D:3      | Killed Natasha
  2313 | D:3      | Noticed Natasha
  2318 | D:3      | Killed Natasha
  2431 | D:3      | Found a snail-covered altar of Cheibriados.
  2766 | D:4      | Reached skill level 1 in Shapeshifting
  2954 | D:4      | Noticed Ijyb
  2954 | D:4      | Noticed Pikel
  2964 | D:4      | Killed Ijyb
  2967 | D:4      | Killed Pikel
  2968 | D:4      | Reached skill level 6 in Axes
  2968 | D:4      | Reached skill level 5 in Shields
  2968 | D:4      | Reached XP level 8. HP: 64/69 MP: 8/8
  3185 | D:4      | Found a sparkling altar of Nemelex Xobeh.
  3433 | D:4      | Found a runed translucent door.
  3433 | D:4      | Noticed ddoljuk's ghost (weakling MiBe)
  3556 | D:4      | Killed ddoljuk's ghost
  3557 | D:4      | Reached skill level 7 in Axes
  3580 | D:5      | Entered Level 5 of the Dungeon
  3712 | D:5      | Noticed Edmund
  3736 | D:5      | Killed Edmund
  3737 | D:5      | Reached skill level 5 in Armour
  3963 | D:5      | Found a runed translucent gate.
  3963 | D:5      | Found a runed translucent gate.
  3964 | D:5      | Found a runed translucent gate.
  3967 | D:5      | Noticed Shrooty's ghost (amateur MDFi)
  3967 | D:5      | Noticed Loakagen's ghost (amateur MiFi)
  3979 | D:5      | Reached XP level 9. HP: 74/74 MP: 9/9
  3993 | D:5      | Reached skill level 8 in Axes
  4361 | D:5      | Found an ornate altar of the Wu Jian Council.
  4413 | D:5      | Found a sacrificial altar of Ru.
  4523 | D:5      | Killed Shrooty's ghost
  4545 | D:5      | Killed Loakagen's ghost
  4672 | D:6      | Reached skill level 5 in Evocations
  4898 | D:6      | Found a runed translucent door.
  4928 | D:6      | Found a shimmering altar of Xom.
  4928 | D:6      | Noticed a +0 whip of chaos
  4931 | D:6      | Noticed Sumgai83's ghost (novice GnWn)
  5530 | D:6      | Killed a +0 whip of chaos
  5531 | D:6      | Reached skill level 9 in Axes
  5533 | D:6      | Killed Sumgai83's ghost
  5534 | D:6      | Reached XP level 10. HP: 16/83 MP: 10/10
  5986 | D:7      | Noticed a two-headed ogre
  5987 | D:7      | Noticed a two-headed ogre
  5987 | D:7      | Noticed a manticore
  5987 | D:7      | Noticed a purple ugly thing
  6003 | D:7      | Killed a two-headed ogre
  6016 | D:7      | Killed a two-headed ogre
  6017 | D:7      | Reached skill level 10 in Axes
  6034 | D:7      | Killed a purple ugly thing
  6053 | D:7      | Killed a manticore
  6060 | D:7      | Identified the ring of Bihetut {rPois rF+ Will+}
  6073 | D:7      | Got the Guidebook on the Brilliant Storm
  6535 | D:7      | Noticed Maggie
  6556 | D:7      | Killed Maggie
  6557 | D:7      | Reached XP level 11. HP: 64/92 MP: 11/11
  6717 | D:7      | Found a staircase to the Ecumenical Temple.
  6726 | Temple   | Entered the Ecumenical Temple
  7039 | D:8      | Found a flagged portal.
  7060 | Bailey   | Entered a bailey
  7065 | Bailey   | Noticed an orc warlord
  7152 | Bailey   | Found a runed translucent gate.
  7154 | Bailey   | Found a runed translucent gate.
  7156 | Bailey   | Found a runed translucent gate.
  7282 | Bailey   | Killed an orc warlord
  7283 | Bailey   | Reached skill level 11 in Axes
  7283 | Bailey   | Reached skill level 5 in Dodging
  7283 | Bailey   | Reached skill level 5 in Shapeshifting
  7306 | Bailey   | Reached XP level 12. HP: 33/101 MP: 12/12
  7565 | D:8      | Found a white marble altar of Elyvilon.
  7676 | D:8      | Found a staircase to the Lair.
  7753 | D:8      | Found a shimmering blue altar of Sif Muna.
  7755 | D:8      | Found an ancient bone altar of Kikubaaqudgha.
  8674 | D:9      | Noticed Jeremiah
  8681 | D:9      | Killed Jeremiah
  8682 | D:9      | Reached skill level 1 in Stealth
  9164 | D:10     | Entered Level 10 of the Dungeon
  9527 | D:10     | Found a glowing golden altar of the Shining One.
  9739 | D:10     | Reached skill level 12 in Axes
 10904 | D:11     | Noticed a two-headed ogre
 10915 | D:11     | Killed a two-headed ogre
 11821 | D:12     | Reached XP level 13. HP: 84/108 MP: 13/13
 12100 | Temple   | Became a worshipper of Gozag Ym Sagoz the Greedy
 12431 | D:12     | Found a staircase to the Orcish Mines.
 12451 | D:12     | Found a hide-covered altar of Uskayaw.
 12767 | Orc:1    | Entered Level 1 of the Orcish Mines
 12786 | Orc:1    | Reached skill level 13 in Axes
 13051 | Orc:2    | Entered Level 2 of the Orcish Mines
 13052 | Orc:2    | Found Ocunosum's Magic Scroll Shoppe.
 13057 | Orc:2    | Found Yzxunt's Magic Scroll Shop.
 13068 | Orc:2    | HP: 5/104 [ice devil[an orc sorcerer] (22)]
 13075 | Orc:1    | HP: 5/102 [orc sorcerer/+0 dagger (1)]
 13371 | Orc:2    | Found Kurifuuruu's Jewellery Shoppe.
 13552 | Orc:2    | Bought a scroll of identify for 22 gold pieces
 13552 | Orc:2    | Bought a scroll of enchant armour for 82 gold pieces
 13552 | Orc:2    | Bought a scroll of enchant armour for 82 gold pieces
 13552 | Orc:2    | Bought a scroll of enchant armour for 82 gold pieces
 13887 | Orc:2    | Found Turent's Antique Weapon Shop.
 13887 | Orc:2    | Found a staircase to the Elven Halls.
 14104 | Orc:2    | Reached skill level 10 in Evocations
 14132 | Orc:2    | Found Jecwaxes's General Store.
 14136 | Orc:2    | Found Vulim's General Store.
 14169 | Orc:2    | Bought a +2 pair of gloves for 280 gold pieces
 14169 | Orc:2    | Bought a scroll of enchant weapon for 127 gold pieces
 14169 | Orc:2    | Bought a scroll of enchant armour for 127 gold pieces
 14171 | Orc:2    | Bought a scroll of enchant armour for 82 gold pieces
 14583 | Orc:2    | Upgraded the game from 0.32-a0-921-g04a7ad8 to
                  | 0.32-a0-924-gf9495cf
 14774 | Orc:2    | Reached skill level 14 in Axes
 14964 | Orc:2    | Found Hebbik's Antique Armour Emporium.
 14964 | Orc:2    | Found Pinam's Book Shoppe.
 14964 | Orc:2    | Found a one-way gate leading to the halls of Pandemonium.
 15253 | Orc:2    | Bought a Gell's gravitambourine (2/2) for 440 gold pieces
 15306 | Orc:1    | Noticed an orc warlord
 15327 | Orc:1    | Killed an orc warlord
 15371 | Orc:1    | Reached XP level 14. HP: 107/118 MP: 14/14
 15883 | Orc:2    | Bought a scroll of teleportation for 33 gold pieces
 16474 | D:13     | Reached skill level 1 in Maces & Flails
 17102 | D:13     | Reached skill level 10 in Fighting
 17102 | D:13     | Reached skill level 10 in Shields
 17412 | D:13     | Reached skill level 15 in Axes
 17835 | D:13     | Found a gate to the Vaults.
 18323 | D:14     | Found a runed translucent gate.
 18323 | D:14     | Found a runed translucent gate.
 18323 | D:14     | Found a runed translucent gate.
 18399 | D:14     | Found a gate leading to a gauntlet.
 18408 | Gauntlet | Entered a Gauntlet
 18408 | Gauntlet | Found a transporter.
 18408 | Gauntlet | Found a transporter.
 18432 | Gauntlet | Found a transporter.
 18435 | Gauntlet | Found a transporter.
 18448 | Gauntlet | Found a transporter.
 18451 | Gauntlet | Found a transporter.
 18453 | Gauntlet | Found a large runed translucent door.
 18454 | Gauntlet | Found a large runed translucent door.
 18455 | Gauntlet | Found a large runed translucent door.
 18455 | Gauntlet | Found a large runed translucent door.
 18455 | Gauntlet | Found a runed translucent door.
 18455 | Gauntlet | Found a runed translucent door.
 18456 | Gauntlet | Found a large runed translucent door.
 18457 | Gauntlet | Found a large runed translucent door.
 18457 | Gauntlet | Found a large runed translucent door.
 18457 | Gauntlet | Found a large runed translucent door.
 18457 | Gauntlet | Found a large runed translucent door.
 18457 | Gauntlet | Found a large runed translucent door.
 18458 | Gauntlet | Found a large runed translucent door.
 18459 | Gauntlet | Found a large runed translucent door.
 18464 | Gauntlet | Found a large runed translucent door.
 18464 | Gauntlet | Found a large runed translucent door.
 18465 | Gauntlet | Found a runed translucent gate.
 18465 | Gauntlet | Found a runed translucent gate.
 18465 | Gauntlet | Found a runed translucent gate.
 18467 | Gauntlet | Found a transporter.
 18477 | Gauntlet | Found a large runed translucent door.
 18478 | Gauntlet | Found a large runed translucent door.
 18483 | Gauntlet | Found a runed translucent door.
 18487 | Gauntlet | Found a transporter.
 18487 | Gauntlet | Noticed a balrug
 18491 | Gauntlet | Found a transporter.
 18492 | Gauntlet | Found a transporter.
 18500 | Gauntlet | Found a transporter.
 18503 | Gauntlet | Found a transporter.
 18678 | Gauntlet | Gained mutation: You have sharp toenails. [a shining eye]
 18714 | Gauntlet | Lost mutation: You have sharp toenails. [potion of
                  | mutation]
 18714 | Gauntlet | Gained mutation: You are dopey. (Int -2) [potion of
                  | mutation]
 18714 | Gauntlet | Gained mutation: You occasionally lose the ability to drink
                  | potions when taking damage. [potion of mutation]
 18714 | Gauntlet | Gained mutation: You sometimes lose the ability to drink
                  | potions when taking damage. [potion of mutation]
 18714 | Gauntlet | Gained mutation: You passively dampen the noise of your
                  | surroundings. [potion of mutation]
 18715 | Gauntlet | Lost mutation: You are dopey. (Int -2) [potion of mutation]
 18715 | Gauntlet | Lost mutation: You passively dampen the noise of your
                  | surroundings. [potion of mutation]
 18715 | Gauntlet | Gained mutation: Your flesh is heat resistant. (rF+)
                  | [potion of mutation]
 18715 | Gauntlet | Gained mutation: You expend magic power (3 MP) to
                  | strengthen your wands. [potion of mutation]
 18716 | Gauntlet | Lost mutation: You expend magic power (3 MP) to strengthen
                  | your wands. [potion of mutation]
 18716 | Gauntlet | Lost mutation: Your flesh is heat resistant. (rF+) [potion
                  | of mutation]
 18716 | Gauntlet | Lost mutation: You sometimes lose the ability to drink
                  | potions when taking damage. [potion of mutation]
 18716 | Gauntlet | Gained mutation: You have a pair of small antennae on your
                  | head. [potion of mutation]
 18716 | Gauntlet | Gained mutation: Your spells are a little harder to cast,
                  | but a little more powerful. [potion of mutation]
 18717 | Gauntlet | Lost mutation: You have a pair of small antennae on your
                  | head. [potion of mutation]
 18717 | Gauntlet | Lost mutation: You occasionally lose the ability to drink
                  | potions when taking damage. [potion of mutation]
 18717 | Gauntlet | Lost mutation: Your spells are a little harder to cast, but
                  | a little more powerful. [potion of mutation]
 18717 | Gauntlet | Gained mutation: You do not regenerate when monsters are
                  | visible. [potion of mutation]
 18717 | Gauntlet | Gained mutation: You have sharp fingernails. [potion of
                  | mutation]
 18837 | Gauntlet | Killed a balrug
 18852 | Gauntlet | Identified the ring "Acov" {rPois rN+ Will++ rCorr Slay-2}
 19098 | D:14     | Reached skill level 16 in Axes
 19098 | D:14     | Reached XP level 15. HP: 127/129 MP: 15/15
 20230 | D:14     | Noticed Raufuge's ghost (journeyman FoFi)
 20251 | D:14     | Reached skill level 10 in Armour
 20253 | D:14     | Killed Raufuge's ghost
 20309 | D:14     | Identified the ring of Sloth {Ice rPois}
 20355 | D:15     | Entered Level 15 of the Dungeon
 20453 | D:15     | Found Zin's Purification Station.
 20615 | D:15     | Found a glowing silver altar of Zin.
 20618 | D:15     | Bought a potion of curing for 90 gold pieces
 21312 | D:15     | Reached skill level 1 in Throwing
 21353 | D:15     | Identified a scroll of acquirement
 21354 | D:15     | Acquired the +0 helmet of the Volcano {rPois Slay+2 Stlth+}
 21486 | D:15     | Found a staircase to the Depths.
 22524 | Lair:1   | Entered Level 1 of the Lair of Beasts
 23605 | Lair:1   | Reached XP level 16. HP: 111/139 MP: 16/16
 23972 | Lair:2   | Found a runed translucent door.
 23973 | Lair:2   | Noticed Agrajag's ghost (journeyman TrFi)
 23974 | Lair:2   | Identified the +6 spear of Imuodow {freeze, Will++}
 24148 | Lair:2   | Noticed Gastronok
 24161 | Lair:2   | Killed Gastronok
 24327 | Lair:2   | Found a staircase to the Shoals.
 24374 | Lair:2   | Noticed Urug
 24384 | Lair:2   | Killed Urug
 24688 | Lair:2   | Killed Agrajag's ghost
 25199 | Lair:3   | Reached skill level 17 in Axes
 25503 | Lair:3   | Found a hole to the Spider Nest.
 26599 | Lair:4   | Found a viscous altar of Jiyva.
 26600 | Lair:4   | Found a staircase to the Slime Pits.
 26895 | Lair:5   | Entered Level 5 of the Lair of Beasts
 27508 | Lair:5   | Identified the +1 pair of boots "Opho Sepu" {rPois Str+6
                  | Int-3 Dex+3}
 28455 | Shoals:1 | Entered Level 1 of the Shoals
 28514 | Lair:2   | Bought a +2 cloak of willpower for 451 gold pieces
 28514 | Lair:2   | Bought a wand of paralysis (2) for 100 gold pieces
 28514 | Lair:2   | Bought a potion of enlightenment for 105 gold pieces
 28526 | Lair:2   | Bought a scroll of acquirement for 884 gold pieces
 28526 | Lair:2   | Acquired a +2 war axe of holy wrath
 28529 | Lair:2   | Bought a scroll of enchant weapon for 105 gold pieces
 28529 | Lair:2   | Bought a scroll of enchant weapon for 105 gold pieces
 29488 | Shoals:2 | Got the Catalogue of the Fjord and Electricity
 29548 | Shoals:2 | Reached XP level 17. HP: 134/149 MP: 17/17
 30738 | Shoals:3 | Identified the +5 dagger of Gallantry {freeze, *Slow Dex+2
                  | SInv}
 31044 | Shoals:4 | Entered Level 4 of the Shoals
 31585 | Shoals:4 | Found a glowing golden altar of the Shining One.
 31892 | Shoals:4 | Reached skill level 15 in Evocations
 32162 | Shoals:4 | Reached skill level 18 in Axes
 32356 | Shoals:4 | Found a glowing silver altar of Zin.
 32416 | Shoals:4 | Reached skill level 15 in Shields
 32806 | Shoals:4 | Found a white marble altar of Elyvilon.
 33132 | Shoals:4 | Got a barnacled rune of Zot
 33266 | Spider:1 | Entered Level 1 of the Spider Nest
 33920 | Spider:1 | Reached XP level 18. HP: 149/161 MP: 18/18
 35567 | Spider:3 | Paralysed by a jorogumo for 3 turns
 35584 | Spider:3 | Found a glacial archway.
 35627 | IceCv    | Entered an ice cave
 36215 | IceCv    | Reached skill level 15 in Fighting
 37182 | Spider:4 | Entered Level 4 of the Spider Nest
 37533 | Spider:4 | HP: 8/163 [burnt (5)]
 37534 | Spider:4 | Incinerated by a sun moth

Illustrated notes

Levels and vault maps discovered:
D:1:      onia_arrival_zoo_common, layout_loops_ring,
          chequers_ecumenical_altar_twisty
D:2:      layout_basic, dk_noncrumbling_2, minmay_lizard_pond, uniq_jessica,
          uniq_terence, uniq_sigmund
D:3:      layout_loops_ring, old_standard_altar, vehumet_statue, slow_altar_2,
          uniq_natasha, uniq_grinder
D:4:      layout_basic, nemelex_diamond_rough_becter, gammafunk_ghost_grave,
          uniq_ijyb, uniq_pikel
D:5:      layout_layer_cave, nicolae_wu_jian_immortal_techniques,
          nicolae_ru_path_of_blood, gammafunk_ghost_cemetery,
          minmay_starry_boxes, uniq_edmund
D:6:      layout_cave_pools, ebering_ghost_xom, nicolae_houndstooth_variations
D:7:      minmay_the_grid_triangle_9x9_recursive_2
          [minmay_the_grid_triangle_9x9_prize_center,
          minmay_the_grid_triangle_9x9_corruption,
          minmay_the_grid_triangle_9x9_steps,
          minmay_the_grid_triangle_9x9_sparse_checkered], layout_basic,
          minmay_temple_entry_gardened_gates, uniq_maggie
D:8:      layout_cave_pods, elyvilon_altar_3,
          chequers_temple_overflow_statue_of_worship, lair_entry_dummy,
          enter_bailey_5
D:9:      layout_irregular_city, uniq_jeremiah
D:10:     layout_roguey, tso_altar, palyth_stone_intersect
D:11:     layout_grid_maze, minmay_fractal_squares_diagonal_5
D:12:     layout_stronghold, orc_0_dummy, dancing_weapons_uskayaw
D:13:     lemuel_castle_with_subvaults [lemuel_castle_interior_original],
          layout_irregular_city, david_vaults_5
D:14:     layout_irregular_city, gammafunk_ghost_spectres, minmay_door_square,
          gauntlet_entry_generic
D:15:     grunt_enter_depths_hoard, layout_loops_cross, grunt_decor_arrowhead,
          zin_purify
Temple:   hellmonk_temple_two_chambers
Lair:1:   lemuel_ratsnest, layout_cave_pods, pdpol_lair_cavern_descent,
          lemuel_fruit_fields
Lair:2:   layout_roguey, minmay_shoals_entry_beasts,
          ebering_ghost_funeral_grove, uniq_gastronok, uniq_urug
Lair:3:   layout_gridlike, dummy_spider_entry, nicolae_quartered_pool_super,
          serial_bayou_lagoon_a, small_statue_intersection, serial_bayou_shore_b
Lair:4:   layout_roguey, slime_entry_1
Lair:5:   minmay_lair_end_frog_pond, layout_gridlike
Shoals:1: layout_shoals
Shoals:2: layout_shoals
Shoals:3: layout_shoals
Shoals:4: shoals_end_hellmonk_holy_island
Spider:1: layout_spider_delve
Spider:2: layout_spider_delve
Spider:3: layout_spider_delve, portal_ice_cave_entry_ice_statue_two
Spider:4: spider_rune_water, uniq_donald
Orc:1:    layout_caves, nicolae_orc_found_a_spring
Orc:2:    pf_orc_diabolical, layout_caves, serial_shops, shop, shop, shop,
          nicolae_shop_rolled_up

Skill      XL: |  1  2  3  4  5  6  7  8  9 10 11 12 13 14 15 16 17 18 |
---------------+-------------------------------------------------------+-----
Fighting       | 4 5 6 7 8 9 11 12 13 14 15 | 15.1
Axes           | 3 4 5 6 7 9 10 11 12 14 16 17 18 | 18.7
Armour         | 4 5 6 7 8 9 10 11 12 | 12.5
Dodging        | 1 2 3 4 6 7 8 |  8.7
Shields        | 4 5 6 7 8 9 10 12 14 15 16 | 16.3
Evocations     | 2 3 4 5 6 8 9 10 12 13 14 15 16 | 16.0
Shapeshifting  | 2 3 4 6 7 8 |  8.3
Stealth        | 1 2 3 4 |  4.2
Maces & Flails | 2 3 |  3.9
Throwing       | 1 |  1.8

Action                     |  1- 3 |  4- 6 |  7- 9 | 10-12 | 13-15 | 16-18 || total
---------------------------+-------+-------+-------+-------+-------+-------++-------
  Melee: War axe           |    41 |   122 |   402 |   591 |  1318 |  1717 ||  4191
         Flail             |       |       |       |       |    47 |    21 ||    68
  Throw: Boomerang         |       |       |       |       |    12 |       ||    12
         Javelin           |       |       |       |       |    18 |    28 ||    46
         Dart              |       |       |       |       |     5 |       ||     5
 Invoke: Call Merchant     |       |       |       |       |       |     5 ||     5
  Evoke: Wand              |       |       |     5 |     8 |    44 |    26 ||    83
         Gell's gravitambo |       |       |       |       |     3 |     2 ||     5
         Tin of tremorston |       |       |       |       |     3 |     3 ||     6
         Box of beasts     |       |       |       |       |       |     1 ||     1
    Use: Potion            |     1 |     4 |     6 |     9 |    19 |     6 ||    45
         Scroll            |       |       |    12 |    12 |    21 |     8 ||    53
   Stab: Invisible         |       |       |       |     3 |    28 |       ||    31
         Petrified         |       |       |       |       |    18 |       ||    18
         Distracted        |       |       |       |       |     7 |    10 ||    17
         Paralysed         |       |       |       |       |       |     3 ||     3
 Armour: Scale mail        |    40 |       |       |       |       |       ||    40
         Chain mail        |       |    71 |    12 |       |       |       ||    83
         Plate armour      |       |       |   261 |   365 |   870 |  1029 ||  2525
  Dodge: Dodged            |    16 |    26 |   191 |   272 |   522 |   738 ||  1765
  Block: Buckler           |    16 |    49 |   214 |   315 |   361 |       ||   955
         Reflection        |       |       |     7 |    18 |    38 |    40 ||   103
         Kite shield       |       |       |       |       |   482 |  1769 ||  2251
         Tower shield      |       |       |       |       |       |    27 ||    27
         Form:             |       |       |       |       |     1 |       ||     1
         Flux              |       |       |       |       |     1 |       ||     1

Table legend: (Time is in decaauts)
 A = Elapsed time spent in this place.
 B = Non-inter-level travel time spent in this place.
 C = Inter-level travel time spent in this place.
 D = Time resting spent in this place.
 E = Time spent auto-exploring this place.
 F = Levels seen in this place.
 G = Mean time per level.
                   A        B        C        D        E       F      G
               +--------+--------+--------+--------+--------+-----+--------+
         Total |  37253 |  36474 |    779 |   2055 |  17922 |  34 | 1095.7 |
       Dungeon |  18294 |  17686 |    608 |    518 |   9773 |  15 | 1219.6 |
        Temple |     13 |      9 |      4 |      0 |      0 |   1 |   13.0 |
          Lair |   5912 |   5796 |    116 |    119 |   3141 |   5 | 1182.4 |
        Shoals |   4855 |   4806 |     49 |    656 |   1147 |   4 | 1213.8 |
   Spider Nest |   3342 |   3342 |      0 |      0 |   2290 |   4 |  835.5 |
  Orcish Mines |   3117 |   3117 |      0 |    336 |   1383 |   2 | 1558.5 |
        Bailey |    427 |    427 |      0 |    170 |      0 |   1 |  427.0 |
      Ice Cave |    802 |    802 |      0 |    245 |    132 |   1 |  802.0 |
      Gauntlet |    487 |    487 |      0 |     11 |     55 |   1 |  487.0 |
               +--------+--------+--------+--------+--------+-----+--------+

Top non-repeatable levels by time:
    D:13: 2294 daAuts
   Orc:2: 1984 daAuts
    D:15: 1965 daAuts
Shoals:4: 1512 daAuts
    D:14: 1507 daAuts
  Lair:5: 1493 daAuts
    D:11: 1446 daAuts
  Lair:1: 1407 daAuts
Shoals:3: 1387 daAuts
     D:7: 1345 daAuts
  Lair:3: 1279 daAuts
    D:12: 1276 daAuts
Spider:2: 1257 daAuts
     D:5: 1248 daAuts
     D:3: 1165 daAuts
